AoeStats
← Chlupinek

Socotra

505546876Analyzed
4v4 RM · 21d ago on Sep 9, 2026· 26m 31s· 8 players
Game mode
Random Map
Map size
148×148
Population
200
Speed
Normal
Resources
Standard
Victory
Conquest
Starting age
Dark Age
Ending age
Imperial Age
RankedLock teamsTeams togetherTeam positionsShared explorationLock speedFull tech treeHidden civsTurbo modeCheats
Victory
Defeat
🇨🇿 Celts · Czechia
1635
+12
🇹🇷 Khitans · Türkiye
1535
+16
🇨🇱 Dravidians · Chile
1502
+18
🇹🇷 Malay · Türkiye
1435
+20
🇺🇸 Burgundians · United States
1722
-23
🇺🇸 Inca · United States
1565
-18
🇺🇸 Bohemians · United States
1459
-13
🇺🇸 Tupi · United States
1426
-12
ValerioN__
8:49 Feudal Age
9:35 Double-Bit Axe
10:20 Domestication
10:57 Loom
12:40 Forging
16:30 Scale Barding Armor
22:13 Castle Age
21:16 Gold Mining
22:07 Wheelbarrow
22:16 Light Cavalry
23:33 Iron Casting
23:39 Chain Barding Armor
24:05 Bow Saw
25:55 Husbandry
Chlupinek
6:25 Loom
8:42 Feudal Age
10:54 Fletching
16:38 Horse Collar
16:45 Double-Bit Axe
25:09 Castle Age
25:58 Bodkin Arrow
imenek
6:50 Loom
7:05 Loom
9:18 Feudal Age
16:19 Fletching
19:08 Wheelbarrow
18:37 Double-Bit Axe
18:32 Horse Collar
18:44 Gold Mining
24:35 Castle Age
24:28 Bow Saw
24:19 Heavy Plow
Thanos 2022
8:39 Feudal Age
8:56 Loom
9:17 Double-Bit Axe
18:17 Horse Collar
21:28 Castle Age
20:25 Fletching
22:13 Bodkin Arrow
23:25 Husbandry
23:42 Bow Saw
25:39 Town Watch
justFrank
4:32 Double-Bit Axe
6:36 Loom
6:42 Loom
9:23 Feudal Age
9:50 Town Watch
TheHairlessBear
5:08 Loom
9:37 Feudal Age
10:49 Horse Collar
11:01 Double-Bit Axe
15:29 Scale Barding Armor
16:51 Forging
24:02 Castle Age
25:20 Iron Casting
25:06 Chain Barding Armor
26:03 Wheelbarrow
25:42 Bow Saw
25:35 Heavy Plow
Boomer
10:32 Loom
12:49 Feudal Age
18:37 Fletching
22:50 Scale Mail Armor
27:20 Castle Age
Dr. Pipe
7:48 Loom
10:22 Feudal Age
10:51 Double-Bit Axe
11:59 Champi Runner
14:04 Wheelbarrow
14:26 Horse Collar
15:41 Scale Mail Armor
17:33 Gold Mining
18:29 Forging
19:43 Arson
23:48 Castle Age
23:55 Champi Warrior
24:37 Squires
25:15 Iron Casting
25:12 Chain Mail Armor
Connection lost

Rejoining the realm…

Still unreachable

The connection could not be restored.

Session expired

The server has moved on; the page needs a fresh start.